 Dungeon Crawl Stone Soup version 0.31-a0-240-gb923e448b6 (webtiles) character file.

Game seed: 7100015625293833814

712 qw the Shooter (level 7, -2/61 HPs)
             Began as a Minotaur Hexslinger on July 12, 2023.
             Killed from afar by Dowan (7 damage)
             ... with a puff of frost
             ... on level 4 of the Dungeon.
             The game lasted 00:01:25 (3522 turns).

qw the Shooter (Minotaur Hexslinger)                Turns: 3522, Time: 00:01:26

Health: -2/61      AC:  7    Str: 13    XL:     7   Next: 41%
Magic:  7/7        EV: 11    Int: 10    God:
Gold:   106        SH:  0    Dex: 14    Spells: 7/8 levels left

rFire   . . .        Y - +1 sling (freeze)
rCold   . . .        (no shield)
rNeg    . . .        b - +0 ring mail
rPois   .            (helmet restricted)
rElec   .            h - +0 cloak
rCorr   .            g - +0 pair of gloves
SInv    .            (no boots)
Will    .....        (no amulet)
Stlth   +            (no ring)
HPRegen 0.30/turn    (no ring)
MPRegen 0.10/turn

%: no passive effects
@: no status effects
A: horns 2, retaliatory headbutt
a: no special abilities


You were on level 4 of the Dungeon.
You visited 1 branch of the dungeon, and saw 4 of its levels.

You collected 106 gold pieces.


Innate Abilities, Weirdness & Mutations

You have a pair of horns on your head.
You reflexively headbutt those who attack you in melee.


   Skills:
 - Level 5.3 Fighting
 + Level 7.1 Ranged Weapons
 - Level 3.1 Armour
 - Level 2.1 Dodging
 - Level 1.0 Spellcasting
 - Level 2.0 Hexes


You had 7 spell levels left.
You knew the following spells:

 Your Spells              Type           Power      Damage    Failure   Level
a - Slow                  Hex            16%        N/A       30%         1

Your spell library contained the following spells:

 Spells                   Type           Power      Damage    Failure   Level
 Inner Flame              Hex/Fire       2%         N/A       80%         3
 Portal Projectile        Hex/Tloc       4%         N/A       80%         3
 Cause Fear               Hex            2%         N/A       97%         4

Inventory:

Hand Weapons
 Y - a +1 sling of freezing (weapon)
Armour
 b - a +0 ring mail (worn)
 g - a +0 pair of gloves (worn)
 h - a +0 cloak (worn)
Scrolls
 a - 3 scrolls of identify
Potions
 c - a potion of enlightenment
 e - a potion of might
 f - a potion of resistance

Dungeon Overview and Level Annotations

Branches:
Dungeon (4/15)
 Temple: D:4-7

Altars:

Annotations:
D:3 2 transporters
D:4 Dowan, Duvessa


Message History

Duvessa is moderately wounded.
Duvessa hits you with a +0 short sword.
Dowan hits you with a +2 dagger of protection.
Dowan gestures at you while chanting. The puff of frost hits you!
Duvessa hits you but does no damage.
You shoot a sling bullet.
The sling bullet hits Duvessa but does no damage.
Duvessa is moderately wounded.
Duvessa barely misses you. Dowan gestures at you while chanting.
The puff of flame hits you!
You shoot a sling bullet.
The sling bullet hits Duvessa but does no damage.
Duvessa is moderately wounded.
Duvessa hits you but does no damage. Dowan barely misses you.
You shoot a sling bullet. The sling bullet hits Duvessa.
The sling bullet freezes Duvessa.
Duvessa is moderately wounded.
Duvessa hits you but does no damage. Dowan hits you but does no damage.
You shoot a sling bullet. The sling bullet hits Duvessa.
The sling bullet freezes Duvessa.
Duvessa is moderately wounded.
Duvessa hits you with a +0 short sword! Dowan hits you but does no damage.
You shoot a sling bullet. The sling bullet hits Duvessa!
The sling bullet freezes Duvessa.
Duvessa is severely wounded.
Duvessa completely misses you. You furiously retaliate!
You headbutt Duvessa! Dowan gestures at you while chanting.
The puff of frost hits you!
You shoot a sling bullet. The sling bullet barely misses Duvessa.
Duvessa misses you.
Dowan points at you and mumbles some strange words.
The puff of frost hits you!
You shoot a sling bullet. The sling bullet hits Duvessa.
The sling bullet freezes Duvessa.
Duvessa is almost dead.
Duvessa hits you with a +0 short sword.
Dowan points at you and mumbles some strange words.
The puff of frost hits you!
You die...

###########
##########.........#
...........#######.#
...........# #.#
#.##.#####.#######.# #.##.#
#...>...#.#### #.##.#
#.####.......#
#.##.#####.####.#####.##
#.##.#...#.##...@e.....#####
#.##...#.#.##.##e#####.<...#
#.####...#.##.#... #.###.#
#.# ##.##.##.#...+ #.# #.#
#.#####.##.##.#...# #.# #.#
...........##.#...+ #.# #.#
#.%........##.#}8}# #.###.#
#######.#.###.########...#.#
........#.# #..........#...#


You could see Duvessa and Dowan.

Vanquished Creatures
  Sigmund (D:4)
  2 black bears (D:4)
  An ice beast (D:4)
  2 hounds (D:4)
  3 iguanas
  4 adders
  2 white imps (D:4)
  3 worms
  2 dart slugs
  2 orcs
  8 bats
  10 endoplasms
  5 giant cockroaches
  6 hobgoblins
  5 quokkas
  8 ball pythons
  5 frilled lizards
  7 goblins
  8 kobolds
  3 rats
87 creatures vanquished.

Notes
Turn   | Place    | Note
-------+----------+-------------------------------------------
     0 | D:1      | qw the Minotaur Hexslinger began the quest for the Orb.
     0 | D:1      | Reached XP level 1. HP: 16/16 MP: 1/1
     0 | D:1      | 0 ||| qw: Version: 0.3-a-52-g30416fa
     0 | D:1      | 0 ||| qw: Game counter: 6141
     0 | D:1      | 0 ||| qw: Melee chars always use a shield: true
     0 | D:1      | 0 ||| qw: God list: Okawaru
     0 | D:1      | 0 ||| qw: Allow faded altars: false
     0 | D:1      | 0 ||| qw: Do Orc after clearing Dungeon:15 true
     0 | D:1      | 0 ||| qw: Do second Lair branch before Depths: true
     0 | D:1      | 0 ||| qw: Lair rune preference: random
     0 | D:1      | 0 ||| qw: Goals: Normal
     0 | D:1      | 0 ||| PLANNING D:1-11
   169 | D:1      | Reached skill level 3 in Ranged Weapons
   169 | D:1      | Reached XP level 2. HP: 12/23 MP: 2/2
   170 | D:1      | 170 ||| FLEEEEING.
   171 | D:1      | 171 ||| FLEEEEING.
   172 | D:1      | 172 ||| FLEEEEING.
   173 | D:1      | 173 ||| FLEEEEING.
   175 | D:1      | 175 ||| FLEEEEING.
   176 | D:1      | 176 ||| FLEEEEING.
   177 | D:1      | 177 ||| FLEEEEING.
   179 | D:1      | 179 ||| FLEEEEING.
   181 | D:1      | 181 ||| FLEEEEING.
   182 | D:1      | 182 ||| FLEEEEING.
   183 | D:1      | 183 ||| FLEEEEING.
   185 | D:1      | 185 ||| FLEEEEING.
   187 | D:1      | 187 ||| FLEEEEING.
   189 | D:1      | 189 ||| FLEEEEING.
   191 | D:1      | 191 ||| FLEEEEING.
   193 | D:1      | 193 ||| FLEEEEING.
   194 | D:1      | 194 ||| FLEEEEING.
   195 | D:1      | 195 ||| FLEEEEING.
   196 | D:1      | 196 ||| FLEEEEING.
   197 | D:1      | 197 ||| FLEEEEING.
   198 | D:1      | 198 ||| FLEEEEING.
   511 | D:1      | Reached XP level 3. HP: 26/29 MP: 3/3
   896 | D:1      | 896 ||| READING 4 scrolls labelled SEV KUEDUBREI.
   897 | D:1      | 897 ||| READING scroll labelled TULITZIWNU.
   902 | D:1      | 902 ||| READING scroll labelled DECSORORURAR.
   954 | D:1      | 954 ||| DROPPING scroll of poison.
  1118 | D:2      | Reached skill level 4 in Ranged Weapons
  1653 | D:2      | 1653 ||| UPGRADING to +0 ring mail.
  1663 | D:2      | 1663 ||| DROPPING +0 robe.
  1664 | D:2      | 1664 ||| UPGRADING to +0 pair of gloves.
  1669 | D:2      | 1669 ||| UPGRADING to +0 cloak.
  1674 | D:2      | 1674 ||| DROPPING ring of wizardry.
  1675 | D:2      | 1675 ||| READING scroll labelled TIQOAP SAAROEJ.
  1676 | D:2      | 1676 ||| READING 4 scrolls of identify.
  1676 | D:2      | 1676 ||| IDENTIFYING pink potion
  1767 | D:3      | 1767 ||| FLEEEEING.
  1769 | D:3      | 1769 ||| FLEEEEING.
  1772 | D:3      | 1772 ||| FLEEEEING.
  1773 | D:3      | 1773 ||| FLEEEEING.
  1774 | D:3      | 1774 ||| FLEEEEING.
  1814 | D:3      | Reached skill level 1 in Armour
  1814 | D:3      | Reached XP level 4. HP: 25/36 MP: 4/4
  1880 | D:3      | Found a transporter.
  2281 | D:3      | Found a transporter.
  2517 | D:3      | 2517 ||| READING scroll labelled QUET SOAPULAERYE.
  2518 | D:3      | 2518 ||| DRINKING 2 fuming sapphire potions.
  2519 | D:3      | 2519 ||| READING 5 scrolls of identify.
  2519 | D:3      | 2519 ||| IDENTIFYING grey potion
  2520 | D:3      | 2520 ||| READING 4 scrolls of identify.
  2520 | D:3      | 2520 ||| IDENTIFYING dark potion
  2521 | D:3      | 2521 ||| DROPPING potion of attraction.
  2565 | D:4      | 2565 ||| STAIRDANCE
  2572 | D:3      | Reached skill level 5 in Ranged Weapons
  2730 | D:4      | Reached XP level 5. HP: 38/41 MP: 5/5
  2786 | D:4      | Noticed an ice beast
  2794 | D:4      | HP: 10/42 [ice beast (13)]
  2795 | D:4      | Reached skill level 3 in Fighting
  2795 | D:4      | 2795 ||| DRINKING potion of heal wounds.
  2806 | D:4      | Killed an ice beast
  2807 | D:4      | Reached skill level 6 in Ranged Weapons
  2807 | D:4      | Reached XP level 6. HP: 32/51 MP: 6/6
  2920 | D:4      | Noticed Sigmund
  2923 | D:4      | 2923 ||| FLEEEEING.
  2930 | D:4      | 2930 ||| FLEEEEING.
  2931 | D:4      | 2931 ||| FLEEEEING.
  2932 | D:4      | 2932 ||| FLEEEEING.
  2933 | D:4      | 2933 ||| FLEEEEING.
  2943 | D:4      | 2943 ||| FLEEEEING.
  2945 | D:4      | 2945 ||| STAIRDANCE
  2997 | D:3      | 2997 ||| READING scroll labelled HYNEGO ZASES.
  2998 | D:3      | 2998 ||| READING 4 scrolls of identify.
  2998 | D:3      | 2998 ||| IDENTIFYING golden potion
  3009 | D:4      | Killed Sigmund
  3208 | D:4      | Reached XP level 7. HP: 57/61 MP: 7/7
  3215 | D:4      | HP: 14/61 [black bear (4)]
  3217 | D:4      | Reached skill level 7 in Ranged Weapons
  3436 | D:4      | Reached skill level 3 in Armour
  3511 | D:4      | Noticed Duvessa
  3511 | D:4      | Noticed Dowan
  3521 | D:4      | HP: 10/61 [Dowan/puff of frost (9)]
  3522 | D:4      | Killed from afar by Dowan

Levels and vault maps discovered:
D:1:      dpeg_arrival_shelter, layout_basic, chequers_avenue, nicolae_wormholes
D:2:      layout_loops_ring
D:3:      gammafunk_wand_slinger, layout_loops_ring
D:4:      dreamdust_elfheim, layout_loops_ring, minmay_misc_feat_doors,
          minmay_unequal, uniq_sigmund

Skill      XL: |  1  2  3  4  5  6  7 |
---------------+----------------------+-----
Ranged Weapons | 3 4 5 6 7 |  7.1
Fighting       | 2 3 5 |  5.3
Armour         | 1 3 |  3.1
Dodging        | |  2.1
Spellcasting   | |  1.0
Hexes          | |  2.0

Action                     |  1- 3 |  4- 6 |  7- 9 || total
---------------------------+-------+-------+-------++-------
   Fire: Sling             |   134 |   140 |    37 ||   311
    Use: Scroll            |     5 |     5 |       ||    10
         Potion            |       |     2 |       ||     2
 Armour: Robe              |     4 |       |       ||     4
         Ring mail         |     6 |    32 |    15 ||    53
  Dodge: Dodged            |    29 |    56 |    16 ||   101

Table legend:
 A = Non-vault XP
 B = Vault XP
 C = Vault XP percentage of total XP
 D = Non-vault monster count
 E = Vault monster count
 F = Vault count percentage of total count
                 A         B        C        D         E       F
            +---------+---------+-------+---------+---------+-------
      Total |     783 |     235 |  23.1 |      83 |       4 |   4.6
            +---------+---------+-------+---------+---------+-------
        D:1 |      45 |       5 |  10.0 |      26 |       1 |   3.7
        D:2 |      32 |       0 |   0.0 |      16 |       0 |   0.0
        D:3 |     101 |       0 |   0.0 |      21 |       0 |   0.0
        D:4 |     605 |     230 |  27.5 |      20 |       3 |  13.0
            +---------+---------+-------+---------+---------+-------
